 Dungeon Crawl Stone Soup version 0.30.1-9-gdf580d7c3d (webtiles) character file.

Game seed: 15190231203407706392

256 Wiggles the Chopper (level 5, 0/72 HPs)
             Began as a Minotaur Berserker on Oct 3, 2023.
             Was a Believer of Trog.
             Succumbed to an orc wizard's poison
             ... on level 3 of the Dungeon.
             The game lasted 00:03:05 (2043 turns).

Wiggles the Chopper (Minotaur Berserker)            Turns: 2043, Time: 00:03:06

Health: 0/72       AC: 10    Str: 23    XL:     5   Next: 92%
Magic:  4/4        EV:  9    Int:  4    God:    Trog [**....]
Gold:   181        SH:  0    Dex: 10    Spells: 4/4 levels left

rFire   . . .        a - +0 hand axe
rCold   . . .        (no shield)
rNeg    . . .        i - +0 chain mail
rPois   .            (helmet restricted)
rElec   .            f - +0 cloak
rCorr   .            (no gloves)
SInv    .            (no boots)
Will    .....        (no amulet) Stlth
                     (no ring)
HPRegen 0.32/turn    (no ring)
MPRegen 0.09/turn

%: no passive effects
@: berserking, lethally poisoned (0 -> -12), very quick
A: horns 2, retaliatory headbutt
a: Renounce Religion, Berserk, Trog's Hand


You were on level 3 of the Dungeon.
You worshipped Trog.
Trog was pleased with you.
You visited 1 branch of the dungeon, and saw 3 of its levels.

You collected 181 gold pieces.

Inventory:

Hand Weapons
 a - a +0 hand axe (weapon)
Armour
 f - a +0 cloak (worn)
 i - a +0 chain mail (worn)
Scrolls
 b - a scroll of blinking {unknown}
 d - 5 scrolls of identify {unknown}
 e - a scroll of magic mapping {unknown}
 h - 2 scrolls of immolation {unknown}
 j - a scroll of summoning {unknown}
 k - a scroll of noise {unknown}
Potions
 c - a potion of heal wounds {unknown}
 g - 2 potions of attraction {unknown}
 l - 2 potions of mutation {unknown}


   Skills:
 + Level 5.4 Fighting
 + Level 5.5 Axes
 + Level 3.7 Armour
 + Level 3.1 Dodging
 + Level 0.7 Stealth


You had 4 spell levels left.
You didn't know any spells.
Your spell library was empty.

Dungeon Overview and Level Annotations

Branches:
Dungeon (3/15)

Altars:
Vehumet

Annotations:
D:3 exclusion: statue


Innate Abilities, Weirdness & Mutations

You have a pair of horns on your head.
You reflexively headbutt those who attack you in melee.


Message History

You hit the orc wizard but do no damage.
The orc wizard is lightly wounded.
You feel very sick.
You barely miss the orc wizard. Your headbutt misses the orc wizard.
The orc wizard is lightly wounded.
You feel very sick. The orc wizard casts a spell at you.
You resist with some effort. The orc hits you but does no damage.
You slash the orc wizard!
The orc wizard is almost dead.
* * * LOW HITPOINT WARNING * * *
You feel very sick.
The orc wizard hits you but does no damage.
You are lethally poisoned!
The orc closely misses you.
You slash the orc wizard!
You feel the power of Trog in you as your rage grows.
You kill the orc wizard!
Trog accepts your kill.
Trog appreciates your killing of a magic user.
* * * LOW HITPOINT WARNING * * *
You feel very sick.
The orc hits you from afar with a +0 trident.
* * * LOW HITPOINT WARNING * * *
You hit the orc.
The orc is severely wounded.
* * * LOW HITPOINT WARNING * * *
You feel very sick.
You slash the orc!
You kill the orc!
Trog accepts your kill.
* * * LOW HITPOINT WARNING * * *
You feel very sick. The orc hits you but does no damage.
You closely miss something. Your headbutt misses something.
* * * LOW HITPOINT WARNING * * *
You feel very sick. Something hits you but does no damage.
The orc hits you but does no damage.
You closely miss something.
You die...

## #.## #...##
..#########.....#
.........@{o....#
#######.###o....#
##### #.# #....#
#..)# ####.#
#.### #...#
..##.# ## #...#
#.##.# #### ##)##
#.##.# #..# ♣♣.♣
#.##.# #.## ♣.♣♣
#.##.# #.# ♣♣.♣


You could see 2 orcs.

Vanquished Creatures
  Crazy Yiuf (D:3)
  An iguana (D:3)
  Natasha (thrice) (D:2)
  An orc wizard (D:3)
  A gnoll (D:1)
  4 adders
  2 worms
  2 dart slugs (D:2)
  An orc (D:3)
  3 bats
  2 endoplasms
  2 giant cockroaches
  4 goblins
  4 hobgoblins
  7 kobolds
  5 quokkas
  3 ball pythons
  2 frilled lizards
  5 rats
53 creatures vanquished.

Notes
Turn   | Place    | Note
-------+----------+-------------------------------------------
     0 | D:1      | Wiggles the Minotaur Berserker began the quest for the Orb.
     0 | D:1      | Reached XP level 1. HP: 19/19 MP: 0/0
   154 | D:1      | Found a faded altar of an unknown god.
   495 | D:1      | Reached XP level 2. HP: 27/27 MP: 1/1
   836 | D:1      | Reached XP level 3. HP: 34/34 MP: 2/2
   994 | D:2      | Noticed Natasha
   998 | D:2      | Killed Natasha
  1051 | D:2      | Reached XP level 4. HP: 41/41 MP: 3/3
  1193 | D:2      | Reached ** piety under Trog
  1563 | D:2      | Noticed Natasha
  1572 | D:2      | Killed Natasha
  1573 | D:2      | Reached skill level 5 in Fighting
  1573 | D:2      | Reached skill level 5 in Axes
  1708 | D:2      | Noticed Natasha
  1714 | D:2      | Killed Natasha
  1715 | D:2      | Reached XP level 5. HP: 46/48 MP: 4/4
  1855 | D:3      | Found a radiant altar of Vehumet.
  1855 | D:3      | Noticed a charred statue
  1892 | D:3      | Found a runed translucent door.
  1893 | D:3      | Noticed Crazy Yiuf
  1907 | D:3      | Killed Crazy Yiuf
  2042 | D:3      | HP: 2/72 [poisoned by an orc wizard]
  2043 | D:3      | Succumbed to an orc wizard's poison

Illustrated notes

Levels and vault maps discovered:
D:1:      lightli_arrival_flooded_house, layout_basic,
          chequers_ecumenical_altar_grove, minmay_misc_feat_secret_circle
D:2:      layout_loops_ring, uniq_natasha
D:3:      layout_loops_ring, vehumet_statue, grunt_temple_overflow_open,
          uniq_grinder, uniq_crazy_yiuf_cottage, uniq_terence

Skill      XL: |  1  2  3  4  5 |
---------------+----------------+-----
Fighting       | 4 5 |  5.4
Axes           | 4 5 |  5.5
Armour         | 3 |  3.7
Dodging        | 3 |  3.1
Stealth        | |  0.7

Action                     |  1- 3 |  4- 6 || total
---------------------------+-------+-------++-------
  Melee: Hand axe          |    50 |    81 ||   131
         Headbutt          |    10 |    12 ||    22
         Punch             |     1 |     1 ||     2
 Invoke: Berserk           |       |     2 ||     2
 Armour: Animal skin       |     6 |       ||     6
         Chain mail        |     5 |    34 ||    39
         Ring mail         |     4 |       ||     4
  Dodge: Dodged            |    25 |    41 ||    66
